 Dungeon Crawl Stone Soup version 0.28.0-43-g3370ac3207 (webtiles) character file.

Game seed: 11330161444049609969

120 vvl the Conjurer (level 5, -1/35 HPs)
             Began as a Human Conjurer on Mar 11, 2022.
             Slain by a scorpion (3 damage)
             ... on level 4 of the Dungeon.
             The game lasted 00:05:51 (4037 turns).

vvl the Conjurer (Human Conjurer)                   Turns: 4037, Time: 00:05:51

Health: -1/35      AC:  2    Str:  7    XL:     5   Next: 25%
Magic:  0/9        EV: 12    Int: 20    God:
Gold:   164        SH:  0    Dex: 12    Spells: 8/9 levels left

rFire   . . .      SeeInvis .   d - +3 short sword
rCold   . . .      Faith    .   (no shield)
rNeg    . . .      Spirit   .   a - +0 robe
rPois   .          Reflect  .   (no helmet)
rElec   .          Harm     .   (no cloak)
rCorr   .          Rampage  .   (no gloves)
Will    .....                   (no boots)
Stlth   ++........              (no amulet)
HPRegen 0.11/turn               (no ring)
MPRegen 0.11/turn               (no ring)

@: mighty, lethally poisoned (-1 -> -10)
A: no striking features
a: no special abilities


You were on level 4 of the Dungeon.
You visited 1 branch of the dungeon, and saw 4 of its levels.

You collected 164 gold pieces.

Inventory:

Hand Weapons
 d - a +3 short sword (weapon)
Armour
 a - a +0 robe (worn)
Magical Staves
 o - a staff of air
Jewellery
 q - an amulet of reflection
 s - a ring of poison resistance
Scrolls
 c - 5 scrolls of identify {unknown}
 e - a scroll of fear {unknown}
 g - 3 scrolls of teleportation {unknown}
 j - a scroll of summoning {unknown}
 l - a scroll of enchant armour {unknown}
 p - a scroll of enchant weapon {unknown}
Potions
 b - a potion of attraction {unknown}
 f - a potion of mutation {unknown}
 h - a potion of magic {unknown}
 i - a potion of flight {unknown}
 k - a potion of might
 m - a potion of heal wounds {unknown}
 n - a potion of invisibility {unknown}
 r - a potion of lignification {unknown}
 t - a potion of brilliance {unknown}


   Skills:
 - Level 2.0 Dodging
 - Level 2.0 Stealth
 + Level 2.8 Spellcasting
 * Level 5.3 Conjurations
 + Level 1.1 Hexes
 + Level 1.1 Fire Magic


You had 8 spell levels left.
You knew the following spells:

 Your Spells              Type           Power      Damage    Failure   Level
a - Magic Dart            Conj           96%        1d7       1%          1

Your spell library contained the following spells:

 Spells                   Type           Power      Damage    Failure   Level
 Searing Ray              Conj           48%        2d6       2%          2
 Foxfire                  Conj/Fire      60%        2x1d7     3%          1
 Slow                     Hex            28%        N/A       9%          1
 Dazzling Flash           Conj/Hex       30%        N/A       12%         3
 Fulminant Prism          Conj/Hex       7%         3d7       36%         4
 Iskenderun's Mystic Bla  Conj/Tloc      13%        2d5       43%         4
 Cause Fear               Hex            3%         N/A       65%         4
 Leda's Liquefaction      Hex/Erth       2%         N/A       75%         4
 Ignition                 Fire           3%         3d4       100%        8


Dungeon Overview and Level Annotations

Branches:
Dungeon (4/15)
 Temple: D:4-7

Altars:
Gozag


Message History

The scorpion poisons you!
You hit the scorpion but do no damage.
The scorpion is heavily wounded.
You feel very sick. The scorpion stings you.
You are too injured to fight recklessly!
You are too injured to fight recklessly!
You are too injured to fight recklessly!
You are too injured to fight recklessly!
Casting: Magic Dart (safe; 1% risk of failure)
Confirm with . or Enter, or press ? or * to list all spells.
Aiming: Magic Dart (safe; 1% risk of failure)
Press: ? - help, Shift-Dir - straight line, f/p - scorpion
Aim: a scorpion (heavily wounded, 100% to hit)
The magic dart hits the scorpion but does no damage.
The scorpion is heavily wounded.
You feel sick.
The scorpion stings you but does no damage.
The scorpion barely misses you.
Casting: Magic Dart (safe; 1% risk of failure)
Confirm with . or Enter, or press ? or * to list all spells.
Aiming: Magic Dart (safe; 1% risk of failure)
Press: ? - help, Shift-Dir - straight line, f/p - scorpion
Aim: a scorpion (heavily wounded, 100% to hit)
The magic dart hits the scorpion.
The scorpion is severely wounded.
You feel sick. The scorpion closely misses you.
Unknown command.
You hit the scorpion but do no damage.
The scorpion is severely wounded.
You feel sick. The scorpion stings you.
* * * LOW HITPOINT WARNING * * *
You are lethally poisoned!
The scorpion poisons you!
Unknown command.
It was a potion of might.
You feel very mighty all of a sudden.
* * * LOW HITPOINT WARNING * * *
You feel sick. The scorpion stings you.
You die...

#...#.# #.#.#.# #...#.#
#...#.# #...#.# ####.
#.).#.# #####.....
#...#.###.#####.........
.....................>..
#.........##.#..@s......
#...########.#..........
#...########.#.#.....###
...............#.....#
#.#.########.###.....#
#....†.........#.....#
#.#.########.#.#.....#
#.#'###### #.#.#.....#
#).......# #.# #


You could see a scorpion.

Vanquished Creatures
  A centaur skeleton (D:4)
  An iguana (D:3)
  2 dart slugs
  5 endoplasms
  A giant cockroach (D:1)
  7 goblins
  4 hobgoblins
  3 jackals (D:1)
  9 kobolds
  3 quokkas
  8 ball pythons
  9 bats
  A frilled lizard (D:3)
  4 rats
58 creatures vanquished.

Notes
Turn   | Place    | Note
-------+----------+-------------------------------------------
     0 | D:1      | vvl the Human Conjurer began the quest for the Orb.
     0 | D:1      | Reached XP level 1. HP: 13/13 MP: 3/3
   229 | D:1      | Reached XP level 2. HP: 14/19 MP: 0/5
   820 | D:1      | Reached XP level 3. HP: 14/24 MP: 0/6
  1750 | D:2      | Got the Volume of Fiery Hexes
  2023 | D:2      | Found an opulent altar of Gozag.
  2321 | D:2      | Reached XP level 4. HP: 30/30 MP: 5/7
  2644 | D:3      | Reached skill level 5 in Conjurations
  3458 | D:3      | Found a faded altar of an unknown god.
  3821 | D:4      | Reached skill level 1 in Hexes
  3821 | D:4      | Reached skill level 1 in Fire Magic
  3821 | D:4      | Reached XP level 5. HP: 21/35 MP: 0/9
  4037 | D:4      | Slain by a scorpion

Illustrated notes

Levels and vault maps discovered:
D:1:      enne_arrival_octagon_isle, layout_basic, minmay_fountain_box
D:2:      layout_loops_ring, basic_altar, lemuel_old_faithful
D:3:      layout_basic, shapermc_ecumenical_altar_starsandcircs,
          kennysheep_donut
D:4:      kennysheep_spiral_hall, layout_basic, amethyst_killhole,
          uniq_blork_the_orc, uniq_ijyb

Skill      XL: |  1  2  3  4 |
---------------+-------------+-----
Conjurations   | 5 |  5.3
Hexes          | 1 |  1.1
Fire Magic     | 1 |  1.1
Dodging        | |  2.0
Stealth        | |  2.0
Spellcasting   | |  2.8

Action                   |  1- 3 |  4- 6 || total
-------------------------+-------+-------++-------
Melee: Unarmed           |    46 |       ||    46
       Short sword       |     2 |    10 ||    12
 Cast: Magic Dart        |    78 |    51 ||   129
  Use: Potion            |       |     1 ||     1
Armor: Robe              |    13 |     6 ||    19
Dodge: Dodged            |    50 |    19 ||    69
